AoeStats
← facundoacuna1227

Arabia

509245350Analyzed
1v1 RM · 7d ago on Sep 26, 2026· 47m 34s· 2 players
Game mode
Random Map
Map size
Tiny (2 player)
Population
200
Speed
Normal
Resources
Standard
Victory
Conquest
Starting age
Dark Age
Ending age
Imperial Age
RankedLock teamsTeams togetherTeam positionsShared explorationLock speedFull tech treeHidden civsTurbo modeCheats
Victory
Defeat
🇲🇽 Turks · Mexico
858
+32
🇺🇸 Persians · United States
871
-17
facundoacuna1227
4:35 Loom
11:03 Feudal Age
12:03 Double-Bit Axe
11:59 Horse Collar
18:09 Padded Archer Armor
18:00 Fletching
21:00 Wheelbarrow
24:05 Castle Age
23:04 Gold Mining
24:12 Crossbowman
24:49 Bodkin Arrow
24:55 Scale Mail Armor
25:42 Heavy Plow
25:53 Bow Saw
31:07 Ballistics
32:33 Scale Barding Armor
32:39 Forging
34:15 Bloodlines
37:34 Husbandry
38:46 Wheelbarrow
39:06 Iron Casting
40:45 Hand Cart
44:54 Imperial Age
45:02 Gold Shaft Mining
44:18 Stone Mining
45:50 Chain Barding Armor
Jawsh
10:25 Feudal Age
9:08 Loom
11:46 Double-Bit Axe
13:45 Horse Collar
20:19 Castle Age
19:02 Gold Mining
19:45 Scale Barding Armor
22:03 Bloodlines
26:52 Chain Barding Armor
31:10 Forging
33:14 Iron Casting
33:48 Husbandry
40:09 Imperial Age
40:28 Bow Saw
40:48 Light Cavalry
41:00 Crossbowman
41:44 Padded Archer Armor
42:47 Thumb Ring
42:35 Fletching
44:30 Cavalier
44:37 Hussar
Connection lost

Rejoining the realm…

Still unreachable

The connection could not be restored.

Session expired

The server has moved on; the page needs a fresh start.